 Dungeon Crawl Stone Soup version 0.26.1-11-gd32895ea62 (webtiles) character file.

Game seed: 7326936851979544234

1328 Zeld the Shield-Bearer (level 8, 0/57 HPs)
             Began as an Octopode Fighter on May 17, 2021.
             Was a Follower of Okawaru.
             Killed from afar by an orc wizard (4 damage)
             ... with a puff of flame
             ... on level 6 of the Dungeon.
             The game lasted 00:04:55 (8619 turns).

Zeld the Shield-Bearer (Octopode Fighter)           Turns: 8619, Time: 00:04:57

Health: 0/57       AC:  1    Str: 17    XL:     8   Next: 60%
Magic:  8/8        EV: 12    Int: 11    God:    Okawaru [*.....]
Gold:   330        SH: 10    Dex: 11    Spells: 7/7 levels left

rFire    . . .     SeeInvis .   a - +0 war axe
rCold    . . .     Faith    .   b - +0 kite shield
rNeg     . . .     Spirit   .   (helmet restricted)
rPois    .         Reflect  .   (no amulet)
rElec    .         Harm     .   (no ring)
rCorr    .         Rampage  .   (no ring)
Will     .....                  (no ring)
Stlth    +++.......             (no ring)
HPRegen  0.19/turn              (no ring)
MPRegen  0.11/turn              (no ring)
                                (no ring)
                                (no ring)

@: no status effects
A: almost no armour, stealthy swim, amphibious, 8 rings, constrict 8, camouflage
1, gelatinous body 1
a: Renounce Religion, Heroism


You were on level 6 of the Dungeon.
You worshipped Okawaru.
Okawaru was aware of your devotion.
You visited 2 branches of the dungeon, and saw 7 of its levels.

You collected 330 gold pieces.

Inventory:

Hand Weapons
 a - a +0 war axe (weapon)
Missiles
 z - 7 javelins (quivered)
Armour
 b - a +0 kite shield (worn)
Jewellery
 q - an uncursed ring of see invisible {unknown}
 s - an uncursed ring of ice {unknown}
 w - an uncursed ring of magical power {unknown}
 x - an uncursed ring of protection from cold {unknown}
Wands
 t - a wand of random effects (21)
 u - a wand of flame (57)
Scrolls
 f - a scroll of noise {unknown}
 k - 8 scrolls of identify {unknown}
 l - 3 scrolls of enchant armour {unknown}
 m - 3 scrolls of fear {unknown}
 n - 5 scrolls of remove curse {unknown}
 o - 4 scrolls of magic mapping {unknown}
 p - 4 scrolls of amnesia {unknown}
 y - a scroll of blinking {unknown}
Potions
 c - 2 potions of might
 d - 2 potions of lignification {unknown}
 e - 3 potions of heal wounds {unknown}
 g - 2 potions of resistance {unknown}
 h - 3 potions of curing {unknown}
 i - 3 potions of mutation {unknown}
 j - a potion of degeneration {unknown}
 r - a potion of haste {unknown}
 v - a potion of brilliance {unknown}


   Skills:
 - Level 5.8 Fighting
 - Level 5.4 Axes
 * Level 5.0 Throwing
 - Level 3.0 Dodging
 - Level 5.8 Shields


You had 7 spell levels left.
You didn't know any spells.
Your spell library was empty.

Dungeon Overview and Level Annotations

Branches:
Dungeon (6/15)             Temple (1/1) D:4

Altars:
Ashenzari
Cheibriados
Elyvilon
Fedhas
Gozag
Hepliaklqana
Kikubaaqudgha
Makhleb
Okawaru
Qazlal
Ru
Sif Muna
Trog
Uskayaw
Vehumet
Wu Jian
Xom
Yredelemnul
Zin
The Shining One


Innate Abilities, Weirdness & Mutations

You cannot wear most types of armour.
You are very stealthy in the water. (Stealth+)
You are amphibious.
You can wear up to eight rings at the same time.
You can use your tentacles to constrict eight enemies at once.
Your skin changes colour to match your surroundings (Stealth+).
Your rubbery body absorbs attacks. (AC +1, EV +1)


Message History

You hit the orc wizard.
You kill the orc wizard!
Okawaru accepts your kill.
You hit the orc wizard.
You are engulfed in a cloud of scalding steam.
The orc wizard hits you with a +0 dagger.
* * * LOW HITPOINT WARNING * * *
Your Throwing skill increases to level 5!
You are too injured to fight recklessly!
You are too injured to fight recklessly!
Unknown command.
You are too injured to fight recklessly!
You closely miss the orc wizard. You grab the orc wizard.
The orc wizard is moderately wounded.
You are engulfed in a cloud of scalding steam.
* * * LOW HITPOINT WARNING * * *
You constrict the orc wizard.
The orc wizard points at you and mumbles some strange words.
The puff of flame hits you.
You die...

### ####.# #....##
#.....### #..#....#
####
#..########..######
#........#..8#..≈)#
#.....##..._.'..@o#
#####.##.#..8#..≈.#
#.##.##..######
#####.##.#########
....#.##.........#
....#.####....†..#
....#.# #...<...#
......# #.......#
###.######.......#


You could see an orc wizard.

Vanquished Creatures
  Eustachio (D:6)
  Sigmund (D:3)
  Menkaure (D:4)
  2 centaurs
  2 bullfrogs (D:6)
  A water moccasin zombie (D:5)
  2 hounds
  An orc wizard (D:6)
  A centaur skeleton (D:5)
  Natasha (thrice) (D:2)
  An iguana (D:6)
  5 worker ants
  A hound skeleton (D:4)
  3 gnolls (D:6)
  5 adders
  3 oozes
  3 worms
  4 dart slugs
  3 leopard geckos
  15 orcs
  9 giant cockroaches
  8 goblins
  10 hobgoblins
  2 jackals (D:1)
  7 kobolds
  2 quokkas
  A ball python (D:1)
  14 bats
  6 frilled lizards
  A quokka skeleton (D:4)
  A quokka zombie (D:6)
  5 rats
124 creatures vanquished.

Notes
Turn   | Place    | Note
-------+----------+-------------------------------------------
     0 | D:1      | Zeld the Octopode Fighter began the quest for the Orb.
     0 | D:1      | Reached XP level 1. HP: 16/16 MP: 1/1
   171 | D:1      | Reached XP level 2. HP: 21/21 MP: 2/2
   523 | D:2      | Reached XP level 3. HP: 16/26 MP: 3/3
   741 | D:4      | Reached XP level 4. HP: 19/33 MP: 4/4
   880 | D:4      | Found a staircase to the Ecumenical Temple.
   899 | Temple   | Entered the Ecumenical Temple
   996 | Temple   | Became a worshipper of Warmaster Okawaru
  2237 | D:2      | Reached XP level 5. HP: 36/37 MP: 5/5
  2655 | D:2      | Found a broken altar of Ashenzari.
  2863 | D:3      | Noticed Sigmund
  4081 | D:3      | Killed Sigmund
  4082 | D:3      | Reached XP level 6. HP: 41/44 MP: 6/6
  4151 | D:3      | Noticed Natasha
  4160 | D:2      | Killed Natasha
  4516 | D:2      | Noticed Natasha
  4523 | D:2      | Killed Natasha
  4650 | D:2      | Noticed Natasha
  4658 | D:2      | Killed Natasha
  4983 | D:2      | Found a broken altar of Ashenzari.
  5513 | D:4      | Reached skill level 5 in Shields
  5631 | D:4      | Found a stormy altar of Qazlal.
  5647 | D:4      | Noticed Menkaure
  5856 | D:4      | Killed Menkaure
  5857 | D:4      | Reached skill level 5 in Fighting
  5857 | D:4      | Reached XP level 7. HP: 50/50 MP: 7/7
  6047 | D:5      | Entered Level 5 of the Dungeon
  6206 | D:5      | Found a blossoming altar of Fedhas.
  6315 | D:5      | Found a burning altar of Makhleb.
  6358 | D:5      | Reached skill level 5 in Axes
  6436 | D:5      | Reached * piety under Okawaru
  7292 | D:6      | Reached XP level 8. HP: 41/57 MP: 8/8
  8083 | D:6      | Noticed Eustachio
  8104 | D:6      | Killed Eustachio
  8580 | D:6      | Found a shimmering blue altar of Sif Muna.
  8619 | D:6      | Reached skill level 5 in Throwing
  8619 | D:6      | Killed from afar by an orc wizard

Illustrated notes

Levels and vault maps discovered:
D:1:      scummos_arrival_hexagon, layout_loops_corners, palyth_stone_intersect,
          solitary_fountain
D:2:      layout_loops_ring, lemuel_coloured_pillars_altar, minmay_tetromino_t2
D:3:      layout_rooms, minmay_tree_intersection, hex_large, uniq_natasha,
          uniq_sigmund
D:4:      layout_gridville, minmay_temple_entry_statues_fountains,
          grunt_qazlal_sundering, uniq_menkaure
D:5:      layout_loops_ring, makhleb_heckhound_becter, fedhas_altar_2
D:6:      layout_basic, serial_shops, kennysheep_mini, led_sif_book,
          uniq_eustachio, uniq_duvessa
Temple:   regret_index_temple_mists

Skill      XL: |  1  2  3  4  5  6  7  8 |
---------------+-------------------------+-----
Axes           | 3 4 5 |  5.4
Shields        | 4 5 |  5.8
Fighting       | 4 5 |  5.8
Throwing       | 5 |  5.0
Dodging        | |  3.0

Action                   |  1- 3 |  4- 6 |  7- 9 || total
-------------------------+-------+-------+-------++-------
Melee: War axe           |    35 |   133 |    89 ||   257
       Tentacles         |     5 |    26 |    20 ||    51
       Constrict         |     6 |    45 |    27 ||    78
 Stab: Sleeping          |     5 |    10 |     6 ||    21
       Distracted        |       |       |     1 ||     1
Armor: Skin              |     4 |     8 |     2 ||    14
Dodge: Dodged            |    17 |    57 |    40 ||   114
Block: Kite shield       |    14 |    61 |    51 ||   126
